 Dungeon Crawl Stone Soup version 0.30-a0-728-gc68057be0a (webtiles) character file.

Game seed: 11817660687604515107

676 astraldaughter the Conjurer (level 7, -1/46 HPs)
             Began as a Demonspawn Fire Elementalist on Jan 31, 2023.
             Splashed by a jelly's acid (8 damage)
             ... on level 5 of the Dungeon.
             The game lasted 00:13:59 (4148 turns).

astraldaughter the Conjurer (DsFE)                  Turns: 4148, Time: 00:13:59

Health: -1/46      AC:  6    Str:  8    XL:     7   Next: 33%
Magic:  9/22       EV: 12    Int: 19    God:
Gold:   255        SH:  4    Dex: 13    Spells: 7/14 levels left

rFire   + . .      SeeInvis .    m - +0 dagger (venom)
rCold   x . .      Faith    .    (no shield)
rNeg    . . .      Spirit   .    q - +0 leather armour
rPois   .          Reflect  .    w - +2 hat
rElec   .          Harm     .    u - +0 cloak
rCorr   .          Rampage  .    (no gloves)
Will    .....                    (no boots)
Stlth   ++                       (no amulet)
HPRegen 0.27/turn                c - ring of magical power
MPRegen 0.18/turn                i - ring of fire

@: no status effects
A: sturdy frame 1, condensation shield, demonic magic 1, weakness stinger 1
a: no special abilities


You were on level 5 of the Dungeon.
You visited 1 branch of the dungeon, and saw 5 of its levels.

You collected 255 gold pieces.

Inventory:

Hand Weapons
 m - a +0 dagger of venom (weapon)
Armour
 q - a +0 leather armour (worn)
 u - a +0 cloak (worn)
 w - a +2 hat (worn)
Magical Staves
 x - a staff of cold
Jewellery
 c - a ring of magical power (left hand)
 i - a ring of fire (right hand)
 s - a +5 ring of evasion
Wands
 o - a wand of paralysis (6)
 p - a wand of mindburst (16)
Scrolls
 f - 3 scrolls of identify
 g - a scroll of vulnerability {unknown}
 k - a scroll of poison
 r - a scroll of blinking
 y - a scroll of torment {unknown}
Potions
 a - 2 potions of brilliance {unknown}
 b - 3 potions of magic
 d - 2 potions of might {unknown}
 e - a potion of heal wounds {unknown}
 h - 3 potions of cancellation
 j - a potion of flight {unknown}
 l - a potion of mutation {unknown}
 n - 2 potions of curing {unknown}
 t - a potion of lignification {unknown}
 v - a potion of berserk rage {unknown}


   Skills:
 - Level 1.7 Dodging
 - Level 1.7 Stealth
 + Level 4.1 Spellcasting
 * Level 5.7 Conjurations
 + Level 4.5 Fire Magic


You had 7 spell levels left.
You knew the following spells:

 Your Spells              Type           Power      Damage    Failure   Level
a - Foxfire               Conj/Fire      100%       2x1d9     1%          1
b - Scorch                Fire           62%        2d8       3%          2
c - Flame Wave            Conj/Fire      35%        2d10      19%         4

Your spell library contained the following spells:

 Spells                   Type           Power      Damage    Failure   Level
 Inner Flame              Hex/Fire       18%        N/A       17%         3
 Sticky Flame             Conj/Fire      35%        2d5       19%         4
 Ignite Poison            Fire/Tmut/Pois 14%        N/A       24%         3
 Kindle Blastsparks       Fire/Tloc/Air  28%        2d12      24%         3
 Fulminant Prism          Conj/Hex       7%         3d7       41%         4
 Iskenderun's Mystic Bla  Conj/Tloc      14%        2d5       41%         4
 Lee's Rapid Deconstruct  Erth           1%         3d4*      99%         5
 Ignition                 Fire           15%        3d6       100%        8


Dungeon Overview and Level Annotations

Branches:
Dungeon (5/15)
 Temple: D:4-7

Altars:
Fedhas
Hepliaklqana
Kikubaaqudgha
Xom

Shops:
D:1 (   D:3 =   D:5 (

Annotations:
D:4 2 runed translucent doors
D:5 Duvessa


Innate Abilities, Weirdness & Mutations

Your movements are slightly less encumbered by armour. (ER -2)
A meltable shield of frost defends you. (SH +4)
Spells you cast may paralyse adjacent enemies.
You have a small tail.


Message History

The flame wave engulfs the scorpion!
The scorpion is severely wounded.
The flame wave engulfs Duvessa!
Duvessa is heavily wounded. (Press . to intensify the flame waves.) Malevolent energies surge around you.
You block the scorpion's attack. Duvessa hits you with a +0 short sword!
A wave of flame ripples out!
The flame wave engulfs the scorpion.
The scorpion is almost dead.
The flame wave engulfs Dowan!
Dowan is burned terribly!
Dowan is almost dead.
The flame wave engulfs Duvessa.
Duvessa is heavily wounded.
The scorpion stings you but does no damage.
A gnoll comes into view. It is wielding a +0 flail.
Dowan closely misses you. Duvessa hits you with a +0 short sword.
A wave of flame ripples out!
The flame wave engulfs the scorpion!
You kill the scorpion!
The flame wave engulfs Dowan!!
Dowan is burned terribly!
You kill Dowan!
Duvessa weeps, and shakes her weapon.
Duvessa goes berserk!
The flame wave engulfs Duvessa!
Duvessa is severely wounded.
The flame wave engulfs the jelly!
The jelly is almost dead.
You finish channelling waves of flame.
Duvessa hits you with a +0 short sword!
Your Spellcasting skill increases to level 4!
Casting: Flame Wave (quite dangerous; 19% risk of failure)
Confirm with . or Enter, or press ? or * to list all spells.
You feel a surge of power!
Flames lash Duvessa.
Duvessa is severely wounded.
Duvessa's fire resistance burns away.
Malevolent energies surge around you.
You hear a shout!
Duvessa hits you with a +0 short sword!
* * * LOW HITPOINT WARNING * * *
The jelly hits you.
* * * LOW HITPOINT WARNING * * *
You are splashed with acid!
You die...

......### **,****,,,,,,,,,,,,,,,,
.....## *,,,,,,,,,,e.,,,,,,,,,
.....## **,.,,*,*,,,.##,,,,,,,,
......# ###,.#******,....,,,,*,,,
.....####.##.* *##....*,,,**,,*
.....>......,* ##.#..#**,,,,**,,
...........#,*###....##..,,,,,,,,
......##...####..)....g..,,,,,,,,
..........#..#..@J.......,,,,,,,,
.............#...e...)...,,,,,,,,
..........#..............,,,*,,**
.........###.............,,*****
....>...## #..#..........,,,*
.......## #..##.........,,,*
.....### ##..##.#......,,**
.....# **..###.##.....,,,* ##.###
*,...,,..,##,,,,,,*


You could see Duvessa (berserk, combustible), a jelly and a gnoll.

Vanquished Creatures
  An ogre (D:5)
  Blork the orc (D:4)
  A bullfrog (D:4)
  2 scorpions
  A necrophage (D:5)
  Dowan (D:5)
  Crazy Yiuf (D:4)
  A jelly (D:4)
  3 iguanas (D:5)
  3 adders
  An ufetubus (D:4)
  4 worms
  2 dart slugs
  An orc (D:5)
  5 bats
  7 endoplasms
  5 giant cockroaches
  6 goblins
  2 hobgoblins
  4 jackals
  6 kobolds
  4 quokkas
  8 ball pythons
  2 frilled lizards
  3 rats
75 creatures vanquished.

Vanquished Creatures (others)
  168 foxfires
  3 plants (D:4)
  4 withered plants (D:4)
175 creatures vanquished.

Grand Total: 250 creatures vanquished

Notes
Turn   | Place    | Note
-------+----------+-------------------------------------------
     0 | D:1      | astraldaughter the Demonspawn Fire Elementalist began the
                  | quest for the Orb.
     0 | D:1      | Reached XP level 1. HP: 13/13 MP: 3/3
   185 | D:1      | Gained mutation: Your movements are slightly less
                  | encumbered by armour. (ER -2) [demonic ancestry]
   185 | D:1      | Reached XP level 2. HP: 19/19 MP: 0/5
   336 | D:1      | Found Getzorgh's Weapon Shoppe.
   702 | D:1      | Reached skill level 2 in Conjurations
  1036 | D:2      | Learned a level 2 spell: Scorch
  1201 | D:2      | Reached XP level 3. HP: 20/24 MP: 3/6
  2579 | D:3      | Reached XP level 4. HP: 30/30 MP: 7/7
  2654 | D:3      | Found Caqemi's Jewellery Emporium.
  2995 | D:4      | Reached skill level 3 in Conjurations
  3056 | D:4      | Found an ancient bone altar of Kikubaaqudgha.
  3056 | D:4      | Found a blossoming altar of Fedhas.
  3090 | D:4      | Found a hazy altar of Hepliaklqana.
  3117 | D:4      | Found a large runed translucent door.
  3118 | D:4      | Found a large runed translucent door.
  3129 | D:4      | Found a shimmering altar of Xom.
  3344 | D:4      | Noticed a bullfrog
  3347 | D:4      | Killed a bullfrog
  3348 | D:4      | Gained mutation: Spells you cast may paralyse adjacent
                  | enemies. [demonic ancestry]
  3348 | D:4      | Reached XP level 5. HP: 32/35 MP: 9/9
  3396 | D:4      | Reached skill level 4 in Conjurations
  3575 | D:4      | Noticed Blork the orc
  3582 | D:4      | Killed Blork the orc
  3583 | D:4      | Gained mutation: A meltable shield of frost defends you.
                  | (SH +4) [demonic ancestry]
  3583 | D:4      | Reached XP level 6. HP: 38/41 MP: 11/11
  3627 | D:3      | Learned a level 4 spell: Flame Wave
  3749 | D:4      | Found a runed translucent door.
  3750 | D:4      | Noticed Crazy Yiuf
  3757 | D:4      | Killed Crazy Yiuf
  3844 | D:5      | Entered Level 5 of the Dungeon
  3935 | D:5      | Found Causich's Weapon Boutique.
  3954 | D:5      | Reached skill level 5 in Conjurations
  4040 | D:5      | Gained mutation: You have a small tail. [demonic ancestry]
  4040 | D:5      | Reached XP level 7. HP: 46/46 MP: 9/12
  4137 | D:5      | Noticed Duvessa
  4138 | D:5      | Noticed Dowan
  4147 | D:5      | Killed Dowan
  4148 | D:5      | Splashed by a jelly's acid

Illustrated notes

Levels and vault maps discovered:
D:1:      matt_arrival_los_fun, layout_loops_ring, serial_shops,
          nicolae_lakefront_shop
D:2:      layout_basic
D:3:      layout_loops_ring, serial_shops, shop
D:4:      due_chaos_kobolds, layout_rooms,
          grunt_temple_overflow_growth_and_decay,
          mainiacjoe_overflow_tiny_flanked, item_on_display_a,
          uniq_crazy_yiuf_cottage, uniq_blork_the_orc
D:5:      layout_cave_pools, serial_shops, nicolae_stop_n_shop_1, uniq_duvessa

Skill      XL: |  1  2  3  4  5  6  7 |
---------------+----------------------+-----
Conjurations   | 2 3 4 5 |  5.7
Fire Magic     | 3 4 |  4.5
Spellcasting   | 3 4 |  4.1
Dodging        | |  1.7
Stealth        | |  1.7

Action                     |  1- 3 |  4- 6 |  7- 9 || total
---------------------------+-------+-------+-------++-------
  Melee: Unarmed           |     5 |       |       ||     5
         Punch             |     1 |       |       ||     1
         Dagger            |     5 |     4 |       ||     9
   Cast: Foxfire           |    56 |    41 |     3 ||   100
         Scorch            |    13 |    22 |     2 ||    37
         Flame Wave        |       |       |     1 ||     1
    Use: Scroll            |       |     8 |       ||     8
   Stab: Paralysed         |       |     4 |       ||     4
 Armour: Robe              |     4 |     2 |       ||     6
         Leather armour    |       |     1 |     1 ||     2
  Dodge: Dodged            |    22 |     9 |     2 ||    33
  Block: Other             |       |       |     1 ||     1

Table legend: (Time is in decaauts)
 A = Elapsed time spent in this place.
 B = Non-inter-level travel time spent in this place.
 C = Inter-level travel time spent in this place.
 D = Time resting spent in this place.
 E = Time spent auto-exploring this place.
 F = Levels seen in this place.
 G = Mean time per level.
                   A        B        C        D        E       F      G
               +--------+--------+--------+--------+--------+-----+--------+
         Total |   4147 |   3915 |    232 |     77 |   3227 |   5 |  829.4 |
       Dungeon |   4147 |   3915 |    232 |     77 |   3227 |   5 |  829.4 |
               +--------+--------+--------+--------+--------+-----+--------+

Top non-repeatable levels by time:
     D:2: 1194 daAuts
     D:1: 1031 daAuts
     D:3: 821 daAuts
     D:4: 796 daAuts
     D:5: 303 daAuts
